 Dungeon Crawl Stone Soup version 0.24-a0-335-g06ca16af6c (webtiles) character file.

Game seed: 11018790197409944359

349 M4edhros the Sneak (level 6, 0/38 HPs)
             Began as an Octopode Artificer on May 20, 2019.
             Was an Initiate of Fedhas.
             Succumbed to Ijyb's poison gas
             ... on level 3 of the Dungeon.
             The game lasted 00:04:16 (1727 turns).

M4edhros the Sneak (Octopode Artificer)             Turns: 1727, Time: 00:04:17

Health: 0/38       AC:  1    Str:  8 (11) XL:     6   Next: 60%
Magic:  10/10      EV:  9    Int: 13 (14) God:    Fedhas [......]
Gold:   77         SH: 11    Dex: 12 (14) Spells: 5/5 levels left

rFire    + . .     SeeInvis .   i - -3 dagger (curse)
rCold    . . .     Gourm    .   j - +0 large shield
rNeg     . . .     Faith    .   (helmet restricted)
rPois    .         Spirit   .   (no amulet)
rElec    .         Reflect  .   h - ring of protection from fire
rCorr    .         Harm     .   (no ring)
MR       .....                  (no ring)
Stlth    ++++......             (no ring)
HPRegen  0.12/turn              (no ring)
MPRegen  0.12/turn              (no ring)
                                (no ring)
                                (no ring)

@: lethally poisoned (0 -> -12)
A: almost no armour, stealthy swim, amphibious, 8 rings, constrict 8, camouflage
1, gelatinous body 1
a: Fungal Bloom, Renounce Religion


You were on level 3 of the Dungeon.
You worshipped Fedhas.
Fedhas was noncommittal.
You were hungry.

You visited 1 branch of the dungeon, and saw 5 of its levels.

You collected 77 gold pieces.

Inventory:

Hand Weapons
 a - a +0 short sword
 i - a cursed -3 dagger (weapon)
Armour
 j - a +0 large shield (worn)
Jewellery
 h - a ring of protection from fire (left tentacle)
Wands
 b - a wand of flame (9)
 c - a wand of enslavement (11)
 d - a wand of random effects (6)
Potions
 k - a potion of degeneration
Comestibles
 f - 4 rations


   Skills:
 - Level 1.0 Fighting
 - Level 1.0 Short Blades
 - Level 2.0 Dodging
 + Level 5.9 Stealth
 * Level 2.6 Shields
 + Level 5.5 Evocations


You had 5 spell levels left.
You didn't know any spells.
Your spell library contained the following spells:

 Spells                   Type           Power        Failure   Level  Hunger
 Magic Dart               Conj           #...         99%         1    ##.....
 Searing Ray              Conj           #.....       100%        2    ###....
 Dazzling Spray           Conj/Hex       #.....       100%        3    ####...
 Force Lance              Conj/Tloc      #.......     100%        4    #####..
 Fulminant Prism          Conj/Hex       #.........   100%        4    #####..
 Iskenderun's Mystic Bla  Conj           #.......     100%        4    #####..


Dungeon Overview and Level Annotations

Branches:
Dungeon (5/15)
 Temple: D:4-7

Altars:
Fedhas
Nemelex Xobeh

Annotations:
D:3 Ijyb


Innate Abilities, Weirdness & Mutations

You cannot wear most types of armour.
You are very stealthy in the water. (Stealth+)
You are amphibious.
You can wear up to eight rings at the same time.
You can use your tentacles to constrict eight enemies at once.
Your skin changes colour to match your surroundings (Stealth+).
Your rubbery body absorbs attacks. (AC +1, EV +1)


Message History

Ijyb looks even sicker.
* * * LOW HITPOINT WARNING * * *
You feel sick.
Ijyb is engulfed in poison gas.
Ijyb looks as sick as possible!
Unknown command.
Unknown command.
* * * LOW HITPOINT WARNING * * *
You feel sick.
Ijyb looks as sick as possible!
Unknown command.
* * * LOW HITPOINT WARNING * * *
You feel sick.
Unknown command.
* * * LOW HITPOINT WARNING * * *
You feel sick.
Unknown command.
Okay, then.
Okay, then.
You die...
Fedhas appreciates your contribution to the ecosystem.

#.# #.###. #.# #...>. #.# #####.
#..# #.##### #######.# g #..#
#.##... ........### g #..#
#.##.########...(.# . #..#
#.#.......###...††# # #..###
#......##...........
#....####.§..g..@.............
#..#..##§§§.......##...........#
#.###(.§○§§.......#........###[.
...#..##§§§§......#.>......# .
##....###§§§§...#.#........#
##.#.# ##☼§§....... # #.#.#
##§§.###.### ###.#.. ##### .#
.##.#### #


You could see the friendly Ijyb.

Vanquished Creatures
  A scorpion (D:4)
  2 howler monkeys (D:4)
  A crimson imp (D:5)
  A bullfrog skeleton (D:4)
  3 worker ants
  A hound skeleton (D:4)
  4 adders
  2 oozes
  A leopard gecko (D:3)
  2 bats
  A giant cockroach (D:3)
  2 hobgoblins
  8 jackals
  5 kobolds
  A quokka (D:3)
  A ball python skeleton (D:4)
  2 frilled lizards
  A leopard gecko zombie (D:5)
  2 rats (D:3)
41 creatures vanquished.

Vanquished Creatures (collateral kills)
  A bat (D:3)
  A kobold (D:3)
2 creatures vanquished.

Vanquished Creatures (others)
  Jessica (D:3)
  An orc (D:4)
  A giant cockroach (D:3)
  A hobgoblin (D:3)
  A kobold (D:3)
  A goblin (D:3)
  9 toadstools
15 creatures vanquished.

Grand Total: 58 creatures vanquished

Notes
Turn   | Place    | Note
-------+----------+-------------------------------------------
     0 | D:1      | M4edhros the Octopode Artificer began the quest for the
                  | Orb.
     0 | D:1      | Reached XP level 1. HP: 13/13 MP: 3/3
   321 | D:2      | Reached XP level 2. HP: 14/18 MP: 4/4
  1024 | D:3      | Reached XP level 3. HP: 18/23 MP: 4/6
  1068 | D:4      | Reached XP level 4. HP: 26/28 MP: 7/7
  1129 | D:4      | Reached skill level 5 in Stealth
  1129 | D:4      | Reached skill level 5 in Evocations
  1129 | D:4      | Reached XP level 5. HP: 22/33 MP: 8/8
  1317 | D:4      | Found a blossoming altar of Fedhas.
  1323 | D:4      | Became a worshipper of Fedhas Madash
  1331 | D:4      | You fall through a shaft!
  1331 | D:5      | Entered Level 5 of the Dungeon
  1339 | D:5      | Reached skill level 1 in Shields
  1424 | D:5      | Reached XP level 6. HP: 38/38 MP: 9/9
  1557 | D:4      | Noticed an orc warrior
  1592 | D:3      | Found a sparkling altar of Nemelex Xobeh.
  1592 | D:3      | Noticed Ijyb
  1706 | D:3      | Noticed Jessica
  1720 | D:3      | Your ally died
  1725 | D:3      | HP: 1/38 [poisoned by Ijyb (poison gas)]
  1727 | D:3      | Succumbed to Ijyb's poison gas

Levels and vault maps discovered:
D:1:      minmay_arrival_open_corners, layout_basic
D:2:      layout_loops_corners
D:3:      lemuel_castle_with_subvaults [lemuel_castle_interior_carwin_3],
          layout_loops_ring, nemelex_xobeh_ov_fountains_minmay,
          amethyst_overflow_temple_binary, lemuel_crystal_altar, uniq_ijyb,
          uniq_robin, uniq_sigmund, uniq_jessica
D:4:      layout_rooms, lemuel_round_altar, lemuel_temple_firewalk_b,
          serial_shops, nicolae_shop_waterfront, first_ration
D:5:      layout_basic, kennysheep_generic_room_12, uniq_grinder,
          uniq_eustachio, uniq_menkaure

Skill      XL: |  1  2  3  4  5  6 |
---------------+-------------------+-----
Stealth        | 2 3 4 5 |  5.9
Evocations     | 4 5 |  5.5
Shields        | 1 2 |  2.6
Fighting       | |  1.0
Short Blades   | |  1.0
Dodging        | |  2.0

Action                   |  1- 3 |  4- 6 || total
-------------------------+-------+-------++-------
Melee: Short sword       |    46 |    37 ||    83
       Constrict         |     8 |    13 ||    21
       Tentacles         |     7 |    10 ||    17
       Dagger            |       |    22 ||    22
Invok: Fungal Bloom      |       |     5 ||     5
Evoke: Wand              |       |    19 ||    19
  Use: Scroll            |       |     2 ||     2
       Potion            |       |     2 ||     2
 Stab: Sleeping          |     5 |     3 ||     8
       Confused          |       |     1 ||     1
       Distracted        |       |     1 ||     1
  Eat: Chunk             |       |     2 ||     2
Armor: Skin              |    11 |     4 ||    15
Dodge: Dodged            |    36 |    29 ||    65
Block: Large shield      |       |    29 ||    29

Table legend:
 A = Non-vault XP
 B = Vault XP
 C = Vault XP percentage of total XP
 D = Non-vault monster count
 E = Vault monster count
 F = Vault count percentage of total count
                 A         B        C        D         E       F
            +---------+---------+-------+---------+---------+-------
      Total |     499 |       0 |   0.0 |      43 |       0 |   0.0
            +---------+---------+-------+---------+---------+-------
        D:1 |       6 |       0 |   0.0 |       3 |       0 |   0.0
        D:2 |       4 |       0 |   0.0 |       3 |       0 |   0.0
        D:3 |      35 |       0 |   0.0 |      13 |       0 |   0.0
        D:4 |     353 |       0 |   0.0 |      15 |       0 |   0.0
        D:5 |     101 |       0 |   0.0 |       9 |       0 |   0.0
            +---------+---------+-------+---------+---------+-------
